 Dungeon Crawl Stone Soup version 0.28.0-43-g3370ac3207 (webtiles) character file.

Game seed: 5087867193381813186

28 issech the Cudgeller (level 3, -1/36 HPs)
             Began as a Troll Monk on Mar 23, 2022.
             Killed from afar by an orc wizard (7 damage)
             ... with a magic dart
             ... on level 2 of the Dungeon.
             The game lasted 00:03:41 (1166 turns).

issech the Cudgeller (Troll Monk)                   Turns: 1166, Time: 00:03:42

Health: -1/36      AC:  4    Str: 19    XL:     3   Next: 0%
Magic:  2/2        EV: 10    Int:  6    God:
Gold:   81         SH:  0    Dex: 14    Spells: 2/2 levels left

rFire   . . .      SeeInvis .   a - +0 mace
rCold   . . .      Faith    .   (no shield)
rNeg    . . .      Spirit   .   b - +0 robe
rPois   .          Reflect  .   (helmet restricted)
rElec   .          Harm     .   (no cloak)
rCorr   .          Rampage  .   (gloves unavailable)
Will    .....                   (boots unavailable)
Stlth   +.........              (no amulet)
HPRegen 0.92/turn               (no ring)
MPRegen 0.08/turn               (no ring)

@: confused
A: large, unfitting armour, claws 3, regeneration 1, shaggy fur 1, tough skin 1
a: no special abilities


You were on level 2 of the Dungeon.
You visited 1 branch of the dungeon, and saw 2 of its levels.

You collected 81 gold pieces.

Inventory:

Hand Weapons
 a - a +0 mace (weapon)
Missiles
 c - 11 bolts
 e - 6 stones (quivered)
 f - 38 arrows
Armour
 b - a +0 robe (worn)
Scrolls
 g - a scroll of magic mapping {unknown}
 i - a scroll of fog {unknown}
 j - 2 scrolls of identify {unknown}
Potions
 d - a potion of ambrosia {unknown}
 h - 2 potions of heal wounds {unknown}


   Skills:
 + Level 2.7 Fighting
 + Level 3.2 Maces & Flails
 + Level 2.7 Dodging
 + Level 1.0 Stealth


You had 2 spell levels left.
You didn't know any spells.
Your spell library was empty.

Dungeon Overview and Level Annotations

Branches:
Dungeon (2/15)

Altars:
Kikubaaqudgha

Shops:
D:1 ?


Innate Abilities, Weirdness & Mutations

You are too large for most types of armour.
You have claws for hands.
Your natural rate of healing is unusually fast.
You are covered in fur. (AC +1)
You have tough skin. (AC +1)


Message History

The orc hits you from afar with a +0 trident.
Something hits you.
You barely miss something. The orc misses you.
Something hits you but does no damage.
You closely miss something. The orc closely misses you.
You hear some strange, mumbled words.
A magic dart appears from out of thin air!
The magic dart hits you! The orc barely misses you.
You closely miss something. Something completely misses you.
The orc hits you from afar with a +0 trident.
You closely miss something. Something hits you. The orc barely misses you.
Something hits you.
You completely miss something. The orc misses you.
You hear some strange, mumbled words.
Something tries to affect you, but you resist.
The orc closely misses you.
You hit something. Something hits you. The orc barely misses you.
You hit something. Something hits you.
The orc hits you from afar with a +0 trident.
* * * LOW HITPOINT WARNING * * *
Something hits you.
* * * LOW HITPOINT WARNING * * *
You hit something.
The orc hits you from afar with a +0 trident.
* * * LOW HITPOINT WARNING * * *
You hear some strange, mumbled words.
Something tries to affect you, but you resist.
A magic dart appears from out of thin air!
The magic dart hits you.
* * * LOW HITPOINT WARNING * * *
You hear some strange, mumbled words.
You are confused.
The orc hits you from afar with a +0 trident.
* * * LOW HITPOINT WARNING * * *
The orc barely misses you.
You're too confused to move!
You hear some strange, mumbled words.
A magic dart appears from out of thin air!
The magic dart hits you!
You die...

#.# #.# #.# #.###.## #.#
#......#####.###########
#.####.........).......###
#.).##.....#.#########....
#...##..l..#.# #######
#..###..o....# #......
#..##..o.....# #.#####
#.......{@...# #####.#
##.##...###### #.....#
#.###.## #.##### #.#
#.#########.######### #.#
#.................... #.#
###########.######### #.#
#.# ##. #.# #.# ##.. #.#
#.# #...


You could see 2 orcs and a frilled lizard.

Vanquished Creatures
  A dart slug (D:1)
  2 orcs (D:2)
  2 bats
  An endoplasm (D:1)
  2 giant cockroaches (D:1)
  4 hobgoblins
  2 kobolds (D:1)
  4 ball pythons
  A frilled lizard (D:1)
  2 rats (D:2)
21 creatures vanquished.

Notes
Turn   | Place    | Note
-------+----------+-------------------------------------------
     0 | D:1      | issech the Troll Monk began the quest for the Orb.
     0 | D:1      | Reached XP level 1. HP: 22/22 MP: 0/0
   131 | D:1      | Reached XP level 2. HP: 29/29 MP: 1/1
   213 | D:1      | Reached skill level 3 in Maces & Flails
   299 | D:1      | Found a faded altar of an unknown god.
   599 | D:1      | Found Kueqoups's Magic Scroll Emporium.
   752 | D:2      | Found an ancient bone altar of Kikubaaqudgha.
  1143 | D:2      | Reached XP level 3. HP: 27/36 MP: 2/2
  1166 | D:2      | Killed from afar by an orc wizard

Illustrated notes

Levels and vault maps discovered:
D:1:      scummos_arrival_forest, layout_basic,
          hellmonk_ecumenical_altar_crossroads, serial_shops, shop, hex_large,
          chequers_arboretum
D:2:      layout_loops_ring, basic_altar

Skill      XL: |  1  2 |
---------------+-------+-----
Maces & Flails | 3 |  3.2
Fighting       | |  2.7
Dodging        | |  2.7
Stealth        | |  1.0

Action                   || total
-------------------------++-------
Melee: Mace              ||    79
       Punch             ||     1
Armor: Robe              ||    34
Dodge: Dodged            ||    42
